[Event "DVM U14 2021"]
[Site "Willingen"]
[Date "2022.08.14"]
[Round "4"]
[White "Wagner, Anton"]
[Black "Mehner, Lorenz"]
[Result "0-1"]
[ECO "A31"]
[WhiteElo "1479"]
[BlackElo "1602"]
[Annotator "NA RC"]
[PlyCount "74"]
[EventDate "2022.08.12"]
[EventType "team-tourn"]
[EventRounds "7"]
[EventCountry "GER"]
[SourceTitle "playchess.com"]
[Source "ChessBase"]
[SourceQuality "1"]
[TimeControl "40/5400+30:1800+30"]

1. d4 Nf6 2. c4 c5 3. Nf3 g6 4. Nc3 Bg7 5. Bf4 cxd4 6. Nxd4 d5 7. Ndb5 Na6 8. Nxd5 Nxd5 9. Qxd5 Qxd5 10. cxd5 O-O 11. e4 Bxb2 12. Rb1 Bg7 13. Bd3 Bd7 14. O-O f5 15. e5 h6 16. h4 Nc5 17. Bc4 Kh7 18. Rfd1 a6 19. Nc7 Rac8 20. e6 Ba4 21. Bb3 Bxb3 22. axb3 Ne4 23. Rbc1 Nc3 24. Rd2 g5 25. hxg5 hxg5 26. Bh2 f4 27. d6 exd6 28. e7 Rg8 29. e8=Q Rf8 30. Qxc8 Rxc8 31. Ne8 Ne2+ 32. Kf1 Nxc1 33. Nxg7 Kxg7 34. Rxd6 Rc7 35. Rb6 Re7 36. g3 f3 37. g4 Nd3 0-1

[Event "DVM U14 2021"]
[Site "Willingen"]
[Date "2022.08.14"]
[Round "4"]
[White "Le, Dinh An"]
[Black "Fettig, Michel"]
[Result "1/2-1/2"]
[ECO "D02"]
[WhiteElo "1470"]
[BlackElo "1370"]
[Annotator "NA RC"]
[PlyCount "140"]
[EventDate "2022.08.12"]
[EventType "team-tourn"]
[EventRounds "7"]
[EventCountry "GER"]
[SourceTitle "playchess.com"]
[Source "ChessBase"]
[SourceQuality "1"]
[TimeControl "40/5400+30:1800+30"]

1. d4 d5 2. Nf3 Nf6 3. g3 Bf5 4. Bg2 e6 5. O-O c5 6. Nh4 Bg6 7. Nxg6 hxg6 8. c4 cxd4 9. Qxd4 Nc6 10. Qd1 Bc5 11. Nc3 Ne7 12. Qb3 b6 13. Rd1 Kf8 14. cxd5 exd5 15. e4 Ng4 16. exd5 Nxf2 17. Na4 Nxd1+ 18. Nxc5 bxc5 19. Qxd1 Nf5 20. d6 Rc8 21. Bf4 g5 22. d7 gxf4 23. dxc8=R Qxc8 24. gxf4 g6 25. Qd3 Qe6 26. b3 Nd4 27. Qd2 Qg4 28. Kh1 Qh4 29. Be4 Ne6 30. Rf1 Nd4 31. Qf2 Ne6 32. Bd5 Qxf2 33. Rxf2 Rh5 34. Bxe6 fxe6 35. Rc2 Ke7 36. Kg2 Rf5 37. Kg3 Kd6 38. Kg4 Kd5 39. Rc4 e5 40. fxe5 Rxe5 41. Ra4 Re2 42. h4 Ke5 43. Rxa7 Kf6 44. Ra5 Rg2+ 45. Kf3 Rc2 46. Ke3 c4 47. Rc5 Rxa2 48. Rxc4 Ra3 49. Rb4 Ke5 50. Kf3 Kf5 51. Rb5+ Kf6 52. Kf4 Ra6 53. b4 Rd6 54. Ke4 Rd1 55. Rc5 Rb1 56. Rc4 Ke6 57. Kd3 Kd5 58. Rg4 Rb3+ 59. Kc2 Rh3 60. Rxg6 Rxh4 61. Kb3 Rh3+ 62. Ka4 Rh8 63. Ra6 Rb8 64. Ra7 Kc6 65. Ra6+ Rb6 66. Rxb6+ Kxb6 67. b5 Kb7 68. Kb4 Kb6 69. Ka4 Kb7 70. Ka5 Ka7 1/2-1/2

[Event "DVM U14 2021"]
[Site "Willingen"]
[Date "2022.08.14"]
[Round "4"]
[White "Schaudienst, Arvid"]
[Black "Walter, Romeo"]
[Result "0-1"]
[ECO "C01"]
[WhiteElo "1431"]
[BlackElo "1197"]
[Annotator "NA RC"]
[PlyCount "46"]
[EventDate "2022.08.12"]
[EventType "team-tourn"]
[EventRounds "7"]
[EventCountry "GER"]
[SourceTitle "playchess.com"]
[Source "ChessBase"]
[SourceQuality "1"]
[TimeControl "40/5400+30:1800+30"]

1. e4 e6 2. d4 d5 3. exd5 exd5 4. Bd3 Nf6 5. Bf4 c5 6. Nf3 Nc6 7. c3 Bg4 8. dxc5 Bxc5 9. O-O O-O 10. Nbd2 Nh5 11. Bg5 f6 12. Be3 Bxe3 13. fxe3 Ne5 14. Bc2 Qb6 15. h3 Qxe3+ 16. Rf2 Bxf3 17. Nxf3 Nf4 18. Nxe5 fxe5 19. Qe1 Qg3 20. Kh1 e4 21. Bb3 Rf6 22. Qd2 e3 23. Rf3 Qxf3 0-1

[Event "DVM U14 2021"]
[Site "Willingen"]
[Date "2022.08.14"]
[Round "4"]
[White "Finck, Jonathan"]
[Black "Tran, Anh Duc Kevin"]
[Result "0-1"]
[ECO "E57"]
[WhiteElo "1424"]
[BlackElo "1398"]
[Annotator "NA RC"]
[PlyCount "72"]
[EventDate "2022.08.12"]
[EventType "team-tourn"]
[EventRounds "7"]
[EventCountry "GER"]
[SourceTitle "playchess.com"]
[Source "ChessBase"]
[SourceQuality "1"]
[TimeControl "40/5400+30:1800+30"]

1. e4 c6 2. d4 d5 3. exd5 cxd5 4. Nf3 Nc6 5. c4 dxc4 6. Bxc4 e6 7. Nc3 Nf6 8. Bg5 h6 9. Bh4 Be7 10. O-O O-O 11. Re1 b6 12. a3 Bb7 13. Qb3 Nxd4 14. Nxd4 Qxd4 15. Bg3 Rac8 16. Bxe6 fxe6 17. Qxe6+ Rf7 18. Rad1 Qc4 19. Qe5 Qc6 20. f3 Re8 21. Bf2 Ng4 22. Qg3 Nxf2 23. Kxf2 Bc5+ 24. Kf1 Ba6+ 25. Ne2 Bxe2+ 26. Rxe2 Qb5 27. Rde1 Rfe7 28. a4 Qa6 29. b4 Rxe2 30. b5 Rxe1+ 31. Qxe1 Rxe1+ 32. Kxe1 Qxa4 33. g4 Qc2 34. g5 Be3 35. gxh6 Qf2+ 36. Kd1 Qd2# 0-1

[Event "DVM U14 2021"]
[Site "Willingen"]
[Date "2022.08.14"]
[Round "4"]
[White "Gloria, Fabian"]
[Black "Dickel, Karl-Joachim"]
[Result "1/2-1/2"]
[ECO "C54"]
[WhiteElo "1420"]
[BlackElo "1178"]
[Annotator "NA RC"]
[PlyCount "92"]
[EventDate "2022.08.12"]
[EventType "team-tourn"]
[EventRounds "7"]
[EventCountry "GER"]
[SourceTitle "playchess.com"]
[Source "ChessBase"]
[SourceQuality "1"]
[TimeControl "40/5400+30:1800+30"]

1. e4 e5 2. Nf3 Nc6 3. Bc4 Bc5 4. O-O Nf6 5. Re1 d6 6. c3 O-O 7. d3 h6 8. Be3 Bxe3 9. Rxe3 Bg4 10. Nbd2 Qd7 11. b4 a6 12. a4 d5 13. exd5 Nxd5 14. Bxd5 Qxd5 15. Qc2 Rfe8 16. Rae1 Rad8 17. d4 f6 18. Qe4 Qd7 19. dxe5 fxe5 20. Qc4+ Be6 21. Qe2 Bg4 22. Ne4 Bxf3 23. Qxf3 b6 24. Ng3 Rf8 25. Qh5 Qf7 26. Qxf7+ Rxf7 27. b5 axb5 28. axb5 Na7 29. c4 Rd4 30. Rc3 c6 31. Rxe5 cxb5 32. cxb5 Rb4 33. h3 Nxb5 34. Re8+ Rf8 35. Re6 Nd4 36. Re4 g6 37. Kh2 Rxf2 38. Rd3 Nc2 39. Rxb4 Nxb4 40. Rd6 Kg7 41. Rxb6 Nd5 42. Rb7+ Rf7 43. Rb5 Nf6 44. Rb3 h5 45. Ne2 g5 46. Rb5 Kh6 1/2-1/2

[Event "DVM U14 2021"]
[Site "Willingen"]
[Date "2022.08.14"]
[Round "4"]
[White "Bade, Deniz"]
[Black "Sidletskyi, Ivan"]
[Result "0-1"]
[ECO "C02"]
[WhiteElo "1414"]
[BlackElo "2075"]
[Annotator "NA RC"]
[PlyCount "34"]
[EventDate "2022.08.12"]
[EventType "team-tourn"]
[EventRounds "7"]
[EventCountry "GER"]
[SourceTitle "playchess.com"]
[Source "ChessBase"]
[SourceQuality "1"]
[TimeControl "40/5400+30:1800+30"]

1. e4 e6 2. d4 d5 3. e5 c5 4. c3 Nc6 5. Nf3 Bd7 6. Be2 Nge7 7. O-O cxd4 8. cxd4 Nf5 9. Na3 Qb6 10. Nc2 Rc8 $11 11. Rb1 h5 12. Bg5 a5 13. h4 a4 14. b4 axb3 15. Rxb3 Qa7 16. Qb1 Na5 17. Rb6 Rxc2 0-1

[Event "DVM U14 2021"]
[Site "Willingen"]
[Date "2022.08.14"]
[Round "4"]
[White "Leonard, Etienne Peter"]
[Black "Lippmann, Niklas A."]
[Result "0-1"]
[ECO "E60"]
[WhiteElo "1373"]
[BlackElo "1263"]
[Annotator "NA RC"]
[PlyCount "135"]
[EventDate "2022.08.12"]
[EventType "team-tourn"]
[EventRounds "7"]
[EventCountry "GER"]
[SourceTitle "playchess.com"]
[Source "ChessBase"]
[SourceQuality "1"]
[TimeControl "40/5400+30:1800+30"]

1. d4 Nf6 2. c4 g6 3. g3 Bg7 4. Bg2 O-O 5. Nf3 d6 6. O-O c5 7. e3 b6 8. Nc3 Bb7 9. b3 Nc6 10. Bb2 Qd7 11. Qc2 Nb4 12. Qd2 Rad8 13. d5 b5 14. a3 Na6 15. Nxb5 Bxd5 16. Bxf6 Bxf3 17. Bxf3 Bxf6 18. Rad1 Nb8 19. Rfe1 a6 20. Nc3 Nc6 21. Nd5 Bg7 22. Bg2 Rb8 23. Rb1 e6 24. Nf4 Ne7 25. Red1 Rb6 26. a4 Rd8 27. Nd3 Qc7 28. Nf4 Nf5 29. Bh3 Rb4 30. Bxf5 gxf5 31. Kf1 Qb7 32. Kg1 Rxb3 33. Rxb3 Qxb3 34. Qd3 Qxa4 35. Nh5 Bh8 36. e4 fxe4 37. Qd2 f6 38. Rf1 Qe8 39. Nf4 f5 40. Nxe6 Rd7 41. Qg5+ Qg6 42. Qxg6+ hxg6 43. Rd1 Bd4 44. Nxd4 cxd4 45. Rxd4 Kf7 46. Kf1 Ke6 47. Ke2 Rb7 48. Rd2 Rb4 49. Ra2 Rxc4 50. Rxa6 Ke5 51. Ra5+ d5 52. Ra2 g5 53. Rd2 f4 54. gxf4+ gxf4 55. f3 Rc1 56. fxe4 dxe4 57. Rd1 Rxd1 58. Kxd1 Kd4 59. h4 Ke5 60. Kd2 Kf5 61. Kc3 Kg4 62. Kd4 e3 63. Kd3 Kxh4 64. Ke2 Kg3 65. Kf1 e2+ 66. Kxe2 Kg2 67. Kd3 f3 68. Kd4 0-1

[Event "DVM U14 2021"]
[Site "Willingen"]
[Date "2022.08.14"]
[Round "4"]
[White "Klein, Maxim"]
[Black "Freude, Paul"]
[Result "1-0"]
[ECO "D00"]
[WhiteElo "1323"]
[BlackElo "1477"]
[Annotator "NA RC"]
[PlyCount "69"]
[EventDate "2022.08.12"]
[EventType "team-tourn"]
[EventRounds "7"]
[EventCountry "GER"]
[SourceTitle "playchess.com"]
[Source "ChessBase"]
[SourceQuality "1"]
[TimeControl "40/5400+30:1800+30"]

1. d4 Nf6 2. Nc3 d5 3. Bf4 e6 4. e3 c5 5. Nb5 Na6 6. c3 Qb6 7. a4 c4 8. g4 h6 9. Qf3 Bd7 10. g5 hxg5 11. Bxg5 Ne4 12. Bf4 Bxb5 13. axb5 Qxb5 14. O-O-O Nxc3 15. bxc3 Ba3+ 16. Kd2 Qb2+ 17. Ke1 Qxc3+ 18. Ke2 Bb4 19. Bh3 Qb2+ 20. Kf1 c3 21. e4 c2 22. Rc1 dxe4 23. Qxe4 Ba3 24. Rxc2 Qb1+ 25. Kg2 Rd8 26. Nf3 Qb6 27. Re2 Be7 28. Be5 f5 29. Qe3 Rg8 30. Ng5 Bxg5 31. Qxg5 Kf7 32. Bxf5 Qc6+ 33. Kg3 Qxh1 34. Bg6+ Kf8 35. Qxd8# 1-0

[Event "DVM U14 2021"]
[Site "Willingen"]
[Date "2022.08.14"]
[Round "4"]
[White "Keck, Johannes"]
[Black "Goldinov, Daniel"]
[Result "1/2-1/2"]
[ECO "B11"]
[WhiteElo "1310"]
[BlackElo "1546"]
[Annotator "NA RC"]
[PlyCount "53"]
[EventDate "2022.08.12"]
[EventType "team-tourn"]
[EventRounds "7"]
[EventCountry "GER"]
[SourceTitle "playchess.com"]
[Source "ChessBase"]
[SourceQuality "1"]
[TimeControl "40/5400+30:1800+30"]

1. e4 c6 2. Nf3 d5 3. Nc3 dxe4 4. Nxe4 Nf6 5. Qe2 Nxe4 6. Qxe4 Nd7 7. Bc4 Nf6 8. Ne5 e6 9. Qe2 Bd6 10. O-O O-O 11. d3 Qc7 12. Re1 Nd7 13. Bf4 Nb6 14. Bg3 f6 15. Nf3 Nxc4 16. dxc4 Bxg3 17. hxg3 e5 18. c5 Qf7 19. c4 Bg4 20. Qc2 Rad8 21. Rad1 Qe7 22. b4 g6 23. Rd2 Bxf3 24. gxf3 Rxd2 25. Qxd2 Rd8 26. Qe3 Qf7 27. f4 1/2-1/2

[Event "DVM U14 2021"]
[Site "Willingen"]
[Date "2022.08.14"]
[Round "4"]
[White "Liu, Leon"]
[Black "Yue, Qihang"]
[Result "0-1"]
[ECO "C47"]
[WhiteElo "1256"]
[BlackElo "1401"]
[Annotator "NA RC"]
[PlyCount "68"]
[EventDate "2022.08.12"]
[EventType "team-tourn"]
[EventRounds "7"]
[EventCountry "GER"]
[SourceTitle "playchess.com"]
[Source "ChessBase"]
[SourceQuality "1"]
[TimeControl "40/5400+30:1800+30"]

1. e4 e5 2. Nf3 Nc6 3. Nc3 Nf6 4. a3 d5 5. exd5 Nxd5 6. Bb5 Nxc3 7. bxc3 Bd7 8. d4 e4 9. Qe2 Qe7 10. Ng5 f5 11. Bc4 Nd8 12. Bf4 Ne6 13. Nxe6 Bxe6 14. Bxe6 Qxe6 15. Bxc7 Qc6 16. Ba5 b6 17. Bb4 Bxb4 18. O-O Bxc3 19. Rab1 O-O 20. Rfd1 Rad8 21. d5 Rxd5 22. Rxd5 Qxd5 23. Qa6 Rd8 24. g3 e3 25. fxe3 Bd2 26. Rb3 Qc5 27. Rd3 Rxd3 28. Qxd3 Qxe3+ 29. Qxe3 Bxe3+ 30. Kg2 a5 31. c4 a4 32. Kf3 Bc5 33. Ke2 Bxa3 34. Kd3 Bb2 0-1

[Event "DVM U14 2021"]
[Site "Willingen"]
[Date "2022.08.14"]
[Round "4"]
[White "Wegener, Moritz"]
[Black "Negru, Maximilian"]
[Result "0-1"]
[ECO "C00"]
[WhiteElo "1202"]
[BlackElo "1187"]
[Annotator "NA RC"]
[PlyCount "38"]
[EventDate "2022.08.12"]
[EventType "team-tourn"]
[EventRounds "7"]
[EventCountry "GER"]
[SourceTitle "playchess.com"]
[Source "ChessBase"]
[SourceQuality "1"]
[TimeControl "40/5400+30:1800+30"]

1. e4 e6 2. c4 d5 3. cxd5 exd5 4. exd5 Nf6 5. Nc3 Nxd5 6. Be2 Nc6 7. Nf3 g6 8. d4 Bg7 9. O-O O-O 10. Re1 Bf5 11. Bc4 Ndb4 12. d5 Na5 13. Ne4 Nxc4 14. Qb3 Qxd5 15. Qxb4 Bxe4 16. Bf4 Bxf3 17. gxf3 Nxb2 18. Qa3 Nc4 19. Qb3 Bxa1 0-1

[Event "DVM U14 2021"]
[Site "Willingen"]
[Date "2022.08.14"]
[Round "4"]
[White "Menne, Lukas"]
[Black "Rudolph, Alexander"]
[Result "0-1"]
[ECO "D00"]
[WhiteElo "1190"]
[BlackElo "1417"]
[Annotator "NA RC"]
[PlyCount "104"]
[EventDate "2022.08.12"]
[EventType "team-tourn"]
[EventRounds "7"]
[EventCountry "GER"]
[SourceTitle "playchess.com"]
[Source "ChessBase"]
[SourceQuality "1"]
[TimeControl "40/5400+30:1800+30"]

1. d4 d5 2. Bf4 c5 3. e3 Nc6 4. Nf3 a6 5. c3 Nf6 6. Be2 Bf5 7. O-O e6 8. Nbd2 Be7 9. Ne5 h6 10. Ndf3 Nxe5 11. Nxe5 O-O 12. Bg4 Nxg4 13. Nxg4 Bg5 14. Bxg5 Qxg5 15. Ne5 c4 16. f4 Qe7 17. g4 Be4 18. Qe1 f6 19. Nf3 f5 20. Qg3 Rf6 21. g5 hxg5 22. Nxg5 Rh6 23. h4 g6 24. Rf2 Kg7 25. Rh2 Rah8 26. Rf1 b5 27. a3 a5 28. Qe1 Rb8 29. Nxe4 dxe4 30. Qg3 Rbh8 31. Kg2 Rxh4 32. Rfh1 Rxh2+ 33. Rxh2 Rxh2+ 34. Qxh2 b4 35. axb4 axb4 36. cxb4 Qxb4 37. Kh3 c3 38. bxc3 Qxc3 39. Qf2 Qa3 40. Qg1 Qe7 41. Qa1 Kh6 42. Qa6 Kh5 43. Qe2+ Kh6 44. Qa6 g5 45. fxg5+ Kxg5 46. Qc8 Qh7+ 47. Kg2 Kg4 48. Qb8 Qh3+ 49. Kg1 Qxe3+ 50. Kg2 Qf3+ 51. Kg1 Qg3+ 52. Qxg3+ Kxg3 0-1

[Event "DVM U14 2021"]
[Site "Willingen"]
[Date "2022.08.15"]
[Round "5"]
[White "Jones, Richard S."]
[Black "Gloria, Fabian"]
[Result "1-0"]
[ECO "C50"]
[WhiteElo "2394"]
[BlackElo "1420"]
[Annotator "TA"]
[PlyCount "111"]
[EventDate "2022.08.12"]
[EventType "team-tourn"]
[EventRounds "7"]
[EventCountry "GER"]
[SourceTitle "playchess.com"]
[Source "ChessBase"]
[SourceQuality "1"]
[TimeControl "40/5400+30:1800+30"]

1. e4 e5 2. Nf3 Nc6 3. Bc4 Bc5 4. d3 d6 5. h3 h6 6. Nc3 Nge7 {[%emt 0:02:03] C50: Hungarian Defence and Giuoco Pianissimo.} 7. a3 a5 {[%emt 0:01:28] [#]} 8. Ba2 $146 ({Predecessor:} 8. O-O O-O 9. Nh2 Kh7 10. Kh1 f5 11. f4 Nd4 12. Ne2 b5 13. Ba2 Bb7 14. Nxd4 exd4 {½-½ (46) Martins,A-Ferreira,K (2094) Sao Paulo 2011}) 8... Bd7 {[%emt 0:01:35] The position is equal.} 9. O-O O-O 10. Be3 Nd4 11. Bxd4 exd4 12. Ne2 Nc6 13. Bd5 Qf6 14. Ng3 Qg6 15. Kh2 (15. Nh4 $5 Qf6 16. Nhf5 $11) 15... Rab8 16. Nh4 Qf6 17. Bxc6 ({White should try} 17. Nhf5 $11 Bxf5 18. Nxf5) 17... bxc6 $15 18. Nhf5 Bxf5 ({Don't take} 18... Rxb2 19. Nh5 Qd8 20. Nhxg7 (20. Qc1 Bxf5 21. Qxb2 Bd7 $14) 20... Bxf5 21. Nxf5 $16) 19. Nxf5 Rxb2 20. Qd2 Ra8 21. Rfc1 (21. g4 $142) 21... Kh7 22. Qd1 (22. Re1 $17) 22... g6 23. Ng3 Qxf2 24. Qf3 (24. Qg4 $142 Rf8 25. e5 dxe5 26. Qd7) 24... Qxf3 $19 25. gxf3 Rab8 {[%emt 0:03:01] [#] aiming for ...R8b3.} 26. Nf1 $2 (26. Kg1) 26... R8b3 27. Nd2 Rc3 28. Nc4 Rbxc2+ 29. Rxc2 Rxc2+ {[%emt 0:01:57][%mdl 4096] Endgame KRB-KRN} 30. Kg3 a4 31. Na5 Bb6 32. Nc4 Rc3 33. Rd1 Bc5 34. Kf4 f6 {[%emt 0:01:23] [#] Strongly threatening ...d5.} 35. Rb1 Rb3 36. Rxb3 axb3 {[%emt 0:00:05] KB-KN} 37. Nd2 Bxa3 {[%emt 0:00:57] ( -> ...Bc1)} 38. Nxb3 Kg7 (38... c5 $142 39. Na5 Kg7) 39. Nxd4 Bc1+ 40. Kg3 Kf7 41. Nxc6 Ke6 42. Nd4+ Kd7 43. Kf2 (43. f4 $17 {was called for.}) 43... c5 44. Nb3 Bb2 45. Ke2 Ke6 {[%emt 0:00:00] White must now prevent ...Ke5.} 46. Na5 Ke5 $4 (46... d5 $19 47. Nb7 Bd4 48. Nd8+ Ke7 49. Nc6+ Kd6 50. exd5 g5) 47. Nc4+ $18 Kf4 48. Nxb2 {[%emt 0:00:00] Threatens to win with Nc4. KN-KP} Kg3 49. Nc4 Kxh3 50. Kf2 f5 51. Nxd6 {[%emt 0:00:00] White mates.} f4 52. e5 g5 53. e6 g4 54. fxg4 Kxg4 55. e7 h5 56. e8=Q {[%emt 0:00:00] Quite a comeback for White.  Weighted Error Value: White=0.44/Black=0.12 (very precise)} 1-0

[Event "DVM U14 2021"]
[Site "Willingen"]
[Date "2022.08.15"]
[Round "5"]
[White "Sidletskyi, Ivan"]
[Black "Aravindan, Midhulan"]
[Result "1-0"]
[ECO "A36"]
[WhiteElo "2075"]
[BlackElo "1642"]
[Annotator "TA"]
[PlyCount "65"]
[EventDate "2022.08.12"]
[EventType "team-tourn"]
[EventRounds "7"]
[EventCountry "GER"]
[SourceTitle "playchess.com"]
[Source "ChessBase"]
[SourceQuality "1"]
[TimeControl "40/5400+30:1800+30"]

1. c4 c5 2. Nc3 Nc6 3. g3 g6 4. Bg2 Bg7 5. d3 Nf6 6. e4 d6 7. Nge2 Bd7 8. h3 {[%emt 0:10:21] A36: Symmetrical English vs ...g6: 4 Bg2 Bg7.} a6 9. Be3 Rb8 10. a4 {[%emt 0:03:40] The position is equal.} Qb6 11. O-O O-O (11... Qxb2 $2 12. Rb1 Qxb1 13. Qxb1 $18) 12. f4 {[%emt 0:04:27] [#]} Nd4 $146 (12... Qxb2 $2 13. Rb1 Ng4 14. hxg4 Bxc3 15. Rxb2 $18) (12... e6 $11 {keeps the balance.}) ({Predecessor:} 12... e6 13. a5 Qc7 14. e5 dxe5 15. Bxc5 exf4 16. Nxf4 Nxa5 17. Bxf8 Rxf8 18. Qe1 Nb3 19. Rd1 {0-1 (35) McMillan,N (2020)-Fasser,W (1989) ICCF email 2012}) 13. Ra2 (13. e5 $16 Nxe2+ 14. Qxe2) 13... e5 14. g4 (14. a5 $5 Qd8 15. fxe5 dxe5 16. Bd2 $11) 14... h5 (14... exf4 $11 15. a5 Nxe2+ 16. Nxe2 Qc7 17. Nxf4 Bc6) 15. g5 $18 Nh7 16. Nd5 (16. f5 $142 $1) 16... Qd8 $16 {[%emt 0:11:40] [#]} 17. h4 (17. f5 $1 $16 {[%cal Rf5f6] Strongly threatening f6.} Nxg5 18. Bc1) 17... Bg4 (17... Nxe2+ $1 $11 18. Qxe2 exf4 19. Bxf4 (19. Rxf4 Be6 $11) 19... Be6) 18. Bxd4 exd4 19. a5 f6 20. Qd2 $36 {[%emt 0:02:42][%mdl 2048] White has strong initiative. White is more active.} fxg5 21. hxg5 Rf7 (21... Bxe2 $14 22. Qxe2 Nxg5) 22. b4 Nf8 $2 {[%emt 0:00:53] [#]} (22... cxb4 $16 23. Qxb4 Nf8) 23. bxc5 $1 $18 dxc5 24. e5 Ne6 (24... h4 $142 25. Nf6+ Bxf6 26. gxf6 Rh7) 25. Ng3 Nc7 26. Ne4 {[%emt 0:03:21] Pair of Knights!} Be6 $2 (26... Nxd5 27. cxd5 b6 28. axb6 Qxb6) 27. Ndf6+ {[%emt 0:00:45] White is clearly winning.} Bxf6 28. gxf6 Qf8 29. Rb2 h4 30. Ng5 Qh6 31. Nxf7 Kxf7 32. f5 Qxd2 33. fxe6+ {[%emt 0:01:33] Weighted Error Value: White=0.20 (precise) /Black=0.65} 1-0

[Event "DVM U14 2021"]
[Site "Willingen"]
[Date "2022.08.15"]
[Round "5"]
[White "Krüger, Arthur"]
[Black "Nitsche, Nikolai"]
[Result "1-0"]
[ECO "D00"]
[WhiteElo "1996"]
[BlackElo "1764"]
[Annotator "TA"]
[PlyCount "43"]
[EventDate "2022.08.12"]
[EventType "team-tourn"]
[EventRounds "7"]
[EventCountry "GER"]
[SourceTitle "playchess.com"]
[Source "ChessBase"]
[SourceQuality "1"]
[TimeControl "40/5400+30:1800+30"]

1. d4 d5 2. Bf4 Nf6 3. e3 g6 4. c3 Bg7 5. Nf3 O-O 6. Be2 {[%emt 0:00:38] D00: 1 d4 d5: Unusual lines.} Nh5 7. Be5 f6 8. Bg3 {[%emt 0:00:34] The position is equal.} Nxg3 9. hxg3 e5 {[%emt 0:00:32] [#]} 10. Qb3 $146 (10. c4 $14) ({Predecessor:} 10. dxe5 fxe5 11. Nbd2 c6 12. Qb3 a5 13. c4 e4 14. Nd4 a4 15. Qa3 Rf7 16. Rc1 {1-0 (24) Grummitt,W (1972)-Tanner,A (1646) ICCF email 2019}) 10... c6 (10... Re8 $11) 11. c4 $1 $14 dxc4 (11... Qb6 $14) 12. Bxc4+ $16 Kh8 13. Nc3 b5 (13... Qe7 $142 14. Nh4 Bh6 15. Nxg6+ hxg6) 14. Nxb5 Bg4 (14... cxb5 $142 15. Bd5 Nc6) 15. Nc3 {[%emt 0:05:51] Hoping for Nh4.} Bxf3 16. gxf3 $40 {[%emt 0:00:17][%mdl 128] [#] aiming for dxe5. White is out for blood.} exd4 17. O-O-O f5 18. exd4 (18. Ne2 $18) 18... Nd7 19. Qc2 {[%emt 0:16:44] 0x0.001ebace4175dp-1022s more active pieces.} Nb6 20. Bb3 Rc8 21. Qd2 {[%emt 0:01:08][%cal Oh1h7] Threatening mate with Rxh7+!} Qf6 $2 {[%emt 0:06:48][%mdl 8192] [#]} (21... Nd5 $16) 22. Rxh7+ $3 {[%emt 0:00:40][%mdl 512] Weighted Error Value: White=0.32/Black=0.80} 1-0

[Event "DVM U14 2021"]
[Site "Willingen"]
[Date "2022.08.15"]
[Round "5"]
[White "Schwartz, Oliver"]
[Black "Reus, Nicholas"]
[Result "1-0"]
[ECO "D31"]
[WhiteElo "1872"]
[BlackElo "1663"]
[Annotator "NA RC"]
[PlyCount "63"]
[EventDate "2022.08.12"]
[EventType "team-tourn"]
[EventRounds "7"]
[EventCountry "GER"]
[SourceTitle "playchess.com"]
[Source "ChessBase"]
[SourceQuality "1"]
[TimeControl "40/5400+30:1800+30"]

1. d4 d5 2. c4 e6 3. Nc3 c6 4. e4 dxe4 5. Nxe4 Bb4+ 6. Bd2 Qxd4 7. Bxb4 Qxe4+ 8. Ne2 Nd7 9. Qd6 Qe5 {[%emt 0:03:39] now scores much better than the old 9...a5.} 10. Qd2 {[%emt 0:08:47] [#]} Ndf6 $2 $146 ({Predecessor:} 10... Ngf6 $1 $11 {and Black is okay.} 11. O-O-O c5 12. Bc3 Ne4 13. Bxe5 Nxd2 14. Bxg7 Rg8 15. Rxd2 Rxg7 16. g3 Ne5 17. b3 Nf3 18. Rd3 Ne5 19. Rd2 Nf3 20. Rd3 Ne5 21. Rd2 {½-½ (21) Giri,A (2773)-Carlsen,M (2864) Oslo 2022}) 11. O-O-O Bd7 {[%emt 0:09:36] [#]} 12. Ng3 $2 ({White has to play} 12. Bd6 $1 $18 Qh5 13. Ng3) 12... c5 13. Bc3 Qc7 14. Qe3 (14. Bd3 $14) 14... h5 15. Nf5 Rh7 16. Nd6+ Kf8 17. Be2 (17. Bd3 $18) 17... Nh6 (17... Qb6 $16) 18. Qf4 Ne8 19. Be5 ({Not} 19. Bxh5 Nf5 20. Bxf7 (20. Be5 Nexd6 21. Bg6 Rh4 $14) 20... Nexd6 $16) 19... Qb6 20. Nxf7 Nxf7 21. Rxd7 g6 (21... Nf6 $142) 22. Bf3 Rd8 23. Bc7 Rxd7 24. Bxb6 axb6 25. Qe4 Ng5 26. Qxg6 $18 Nxf3 27. gxf3 Nc7 28. Re1 Rdg7 29. Qf6+ Rf7 30. Qd8+ Kg7 31. Rg1+ Kh6 32. Qg5# 1-0

[Event "DVM U14 2021"]
[Site "Willingen"]
[Date "2022.08.15"]
[Round "5"]
[White "Bungarten, Jona"]
[Black "Malinowsky, Levi"]
[Result "1-0"]
[ECO "B22"]
[WhiteElo "1834"]
[BlackElo "1814"]
[Annotator "NA RC"]
[PlyCount "73"]
[EventDate "2022.08.12"]
[EventType "team-tourn"]
[EventRounds "7"]
[EventCountry "GER"]
[SourceTitle "playchess.com"]
[Source "ChessBase"]
[SourceQuality "1"]
[TimeControl "40/5400+30:1800+30"]

1. e4 c5 2. d4 cxd4 3. c3 Nf6 4. e5 Nd5 5. Nf3 Nc6 6. Bc4 Nb6 7. Bb3 d6 8. exd6 Qxd6 9. O-O g6 10. Ng5 Be6 (10... e6 $11) 11. Na3 (11. Bxe6 $14 fxe6 12. Qf3) 11... a6 (11... Bxb3 $1 $11 {remains equal.} 12. Qxb3 e6) 12. Re1 dxc3 ({Weaker is} 12... Bd5 13. c4 h6 14. cxd5 hxg5 15. dxc6 Qxh2+ 16. Kf1) (12... Nd8 $142) 13. Bxe6 fxe6 {[%emt 0:00:24] [#]} 14. Qf3 $1 ({Much worse is} 14. Nxe6 $6 Qxd1 15. Rxd1 Rc8 $11) ({Much weaker is} 14. Qxd6 $6 exd6 15. bxc3 (15. Nxe6 Kd7 $11) 15... e5 $11) 14... Ne5 (14... Nd8 $16) 15. Qxc3 Rd8 $2 (15... h6 16. Qxe5 (16. Rxe5 hxg5 17. Qe1 Nd7 $17) 16... Qxe5 17. Rxe5 hxg5) 16. Bf4 Bg7 17. Bxe5 Bxe5 18. Qxe5 Qxe5 19. Rxe5 Rd2 20. Rxe6 O-O 21. Nf3 Rxb2 22. Rxe7 Nd5 23. Ree1 Nf4 24. Reb1 Re2 25. Nc4 b5 26. Nce5 Rc2 27. Nd4 Rd2 28. Nef3 Rd3 29. Rd1 Ra3 30. g3 Nd3 31. Kg2 Nc5 32. Rac1 Na4 33. Rc7 Rf7 34. Rdc1 Rxa2 35. Ne6 Rxc7 36. Rxc7 $18 h6 37. Ne5 1-0